 Dungeon Sprint DCSS version 0.30.1-4-g462c640d31 (webtiles) character file.

Game seed: 6021461865161035248

24 Heoruswealwe the Covert (level 2, 0/14 HPs)
             Began as a Spriggan Artificer on Sept 18, 2023.
             Slain by a draconian
             ... wielding a +0 dagger
              (14 damage)
             ... in the Dungeon (Sprint V: "Ziggurat Sprint").
             The game lasted 00:05:35 (115 turns).

Heoruswealwe the Covert (Spriggan Artificer)         Turns: 115, Time: 00:05:35

Health: 0/14       AC:  2    Str:  8    XL:     2   Next: 79%
Magic:  3/3        EV: 19    Int: 12    God:
Gold:   0          SH:  0    Dex: 27    Spells: 1/1 levels left

rFire   . . .        b - +7 rapier of Demonkind {protect, rPois}
rCold   . . .        (no shield)
rNeg    + . .        c - +0 robe
rPois   +            (helmet restricted)
rElec   .            (no cloak)
rCorr   .            (gloves unavailable)
SInv    +            (boots unavailable)
Will    +++..        i - amulet of the Four Winds {rN+ Will+++ Clar}
Stlth   ++++++       k - +6 ring of dexterity
HPRegen 0.22/turn    j - +6 ring of dexterity
MPRegen 0.08/turn

%: no teleportation, clarity
@: very quick
A: very small, no large weapons, unfitting armour, see invisible, speed 3
a: no special abilities


You were in the Dungeon.
You visited 1 branch

Inventory:

Hand Weapons
 a - a +5 quick blade
 b - the +7 rapier of Demonkind (weapon) {protect, rPois}
   (You found it in the Dungeon)

   rPois:     It protects you from poison.
Armour
 c - a +0 robe (worn)
Jewellery
 i - the amulet of the Four Winds (around neck) {rN+ Will+++ Clar}
   (You found it in the Dungeon)

   [amulet of nothing]

   rN:        It protects you from negative energy.
   Clar:      It protects you from confusion, rage, mesmerisation and fear.
   Will:      It greatly increases your willpower.
 j - a +6 ring of dexterity (right hand)
 k - a +6 ring of dexterity (left hand)
Wands
 d - a wand of charming (15)
 e - a wand of iceblast (12)
 l - a wand of flame (15) (quivered)
 u - a wand of mindburst (18)
 v - a wand of quicksilver (7)
Scrolls
 x - 3 scrolls of blinking
Potions
 f - 10 potions of curing
 g - 8 potions of heal wounds
 h - 6 potions of haste
 m - 2 potions of invisibility
 n - 4 potions of resistance
 p - 5 potions of might


   Skills:
 - Level 0.7 Fighting
 - Level 3.2 Dodging
 + Level 12.4 Stealth
 - Level 4.0 Evocations


You had one spell level left.
You didn't know any spells.
Your spell library contained the following spells:

 Spells                   Type           Power      Damage    Failure   Level
 Slow                     Hex            0%         N/A       32%         1
 Anguish                  Hex/Necr       0%         N/A       97%         4
 Summon Mana Viper        Hex/Summ       0%         N/A       100%        5
 Yara's Violent Unravell  Hex/Tmut       0%         3d3       100%        5


Dungeon Overview and Level Annotations

Branches:
Dungeon (1/1)

Altars:
Ashenzari
Cheibriados
Dithmenos
Elyvilon
Fedhas
Gozag
Hepliaklqana
Kikubaaqudgha
Makhleb
Nemelex Xobeh
Okawaru
Qazlal
Ru
Sif Muna
Trog
Uskayaw
Vehumet
Wu Jian
Xom
Yredelemnul
Zin
The Shining One
Jiyva
Lugonu

Annotations:
D 1 transporter


Innate Abilities, Weirdness & Mutations

You are very small and have problems with some larger weapons.
You are too small for most types of armour.
You have supernaturally acute eyesight. (SInv)
You cover ground extremely quickly. (Speed+++)


Message History

The quokka skeleton bites you but does no damage.
The adder skeleton bites you.
You puncture the quokka skeleton!
You destroy the quokka skeleton!
You completely miss the adder skeleton. The adder skeleton closely misses you.
You closely miss the adder skeleton. The adder skeleton barely misses you.
You hit the adder skeleton.
The adder skeleton is moderately damaged.
The adder skeleton barely misses you.
You hit the adder skeleton.
The adder skeleton is heavily damaged.
You puncture the adder skeleton!
You destroy the adder skeleton!
You see here the +7 rapier of Demonkind {protect, rPois}.
l - the +7 rapier of Demonkind {protect, rPois} Adjust to which letter? (? for menu, Esc to quit)
b - the +7 rapier of Demonkind {protect, rPois}
l - a wand of flame (15) (quivered)
The +7 rapier of Demonkind {protect, rPois} hums with potential!
b - the +7 rapier of Demonkind (weapon)
{protect, rPois} You pick up the Volume of the Countless Visionaries and begin reading...
You add the spells Slow, Anguish, Yara's Violent Unravelling and Summon Mana Viper to your library.
You see here a +2 sling of flaming.
There is a transporter here.
Welcome to arena 3.
You enter the transporter and appear at another place.
A yellow draconian and 3 draconians come into view.
Found four items.
Found a transporter.
Blink to where?
Press: ? - help, Dir - move target
As you read the scroll of blinking, it crumbles to dust.
The draconian roars! x2; The yellow draconian roars!
The draconian hits you with a +0 dagger!
Ouch! That really hurt!
* * * LOW HITPOINT WARNING * * *
The yellow draconian barely misses you. The draconian completely misses you.
You feel much better.
The draconian hits you with a +0 dagger!
Ouch! That really hurt!
You die...

▓▓▓▓▓▓▓▓▓▓▓▓▓▓▓▓▓▓▓
▓.8©8.▓.8©8.▓.8©8.▓
▓.[dd.▓...).▓.....▓
▓.dd@.▓.....▓.).).▓
▓.....▓.....▓.....▓
▓.....▓.....▓.....▓
▓.....▓.....▓..©..▓
▓..§..▓..©..▓▓▓▓▓▓▓
▓▓▓▓▓▓▓▓▓▓▓▓▓


You could see a yellow draconian and 3 draconians.

Vanquished Creatures
  A white imp (D)
  An adder skeleton (D)
  2 orcs (D)
  A quokka skeleton (D)
5 creatures vanquished.

Notes
Turn   | Place    | Note
-------+----------+-------------------------------------------
     0 | D        | Heoruswealwe the Spriggan Artificer began the quest for the
                  | Orb.
     0 | D        | Reached XP level 1. HP: 9/9 MP: 2/2
     0 | D        | Found a shimmering blue altar of Sif Muna.
     0 | D        | Found a sacrificial altar of Ru.
     0 | D        | Found a bloodstained altar of Trog.
     0 | D        | Found a stormy altar of Qazlal.
     0 | D        | Found an iron altar of Okawaru.
     0 | D        | Found a sparkling altar of Nemelex Xobeh.
     0 | D        | Found a blossoming altar of Fedhas.
     0 | D        | Found the +6 Majin-Bo {spellvamp, MP+6 Int+6}
     0 | D        | Found the +27 heavy crossbow "Sniper" {heavy, Acc+∞ SInv}
     0 | D        | Found the +10 dark maul {heavy}
     0 | D        | Found the +15 Maxwell's patent armour {-Cast -Tele rElec
                  | Will+ rCorr}
     0 | D        | Found the +18 shield of the Gong {Loud rN+ Will+ rCorr
                  | EV-5}
     0 | D        | Found the +16 obsidian axe {drain, demonic, Mesm Drain Fly
                  | SInv}
     0 | D        | Found the +7 great mace "Firestarter" {flame, immolate,
                  | rFlCloud rF++}
     0 | D        | Found the +6 shillelagh "Devastator" {shatter}
     0 | D        | Found the +11 plutonium sword {Contam Stlth-}
     0 | D        | Found the +8 lance "Wyrmbane" {slay drac, rPois rF+ rC+
                  | AC+3}
     0 | D        | Found the +9 sword of Zonguldrok {reap}
     0 | D        | Found the +13 scythe of Curses {drain, curses, Drain}
     0 | D        | Found the +9 sword of Power {lifebolt}
     0 | D        | Found the +7 mace of Variability {chaos, chaos arc}
     0 | D        | Found the +11 Singing Sword {sonic wave}
     0 | D        | Found the +8 storm bow {elec, penet}
     2 | D        | Found a transporter.
     2 | D        | Found an ancient bone altar of Kikubaaqudgha.
     2 | D        | Found a viscous altar of Jiyva.
     2 | D        | Found a corrupted altar of Lugonu.
     2 | D        | Found a hazy altar of Hepliaklqana.
     2 | D        | Found a burning altar of Makhleb.
     2 | D        | Found an opulent altar of Gozag.
    64 | D        | Reached skill level 11 in Stealth
    64 | D        | Reached XP level 2. HP: 14/14 MP: 3/3
    70 | D        | Entered arena 2.
    70 | D        | Found the amulet of the Four Winds {rN+ Will+++ Clar}
    70 | D        | Found a transporter.
    88 | D        | Entered arena 3.
    88 | D        | Found a transporter.
    99 | D        | Reached skill level 12 in Stealth
   107 | D        | Got the +7 rapier of Demonkind {protect, rPois}
   110 | D        | Got the Volume of the Countless Visionaries
   113 | D        | Entered arena 4.
   113 | D        | Noticed a draconian
   113 | D        | Noticed a yellow draconian
   113 | D        | Noticed a draconian
   113 | D        | Noticed a draconian
   113 | D        | Found a transporter.
   115 | D        | Slain by a draconian

Illustrated notes

Levels and vault maps discovered:
D:        sprint_v [room_start, room_1, room_2, room_3, room_4, room_5, room_6,
          room_7, room_8, room_9, room_10, room_11, room_12, room_13, room_14,
          room_15, room_16, room_17, room_18, room_19, room_20, room_21,
          room_22, room_23, room_24, room_25, room_26, room_27]

Skill      XL: |  1  2 |
---------------+-------+-----
Stealth        | 11 12 | 12.4
Fighting       | |  0.7
Dodging        | |  3.2
Evocations     | |  4.0

Action                     || total
---------------------------++-------
  Melee: Quick blade       ||    14
    Use: Potion            ||     3
         Scroll            ||     1
   Stab: Sleeping          ||     2
 Armour: Robe              ||     2
  Dodge: Dodged            ||    12
